 Dungeon Crawl Stone Soup version 0.29.0-11-gd7f09526c8 (webtiles) character file.

Game seed: 8607624294911828467

11610 sasquatch the Arsonist (level 11, -6/74 HPs)
             Began as a Red Draconian Ice Elementalist on Sept 3, 2022.
             Was an Elder of Vehumet.
             Mangled by a catoblepas (22 damage)
             ... on level 1 of the Lair of Beasts.
             The game lasted 00:35:35 (15837 turns).

sasquatch the Arsonist (DrIE)                      Turns: 15837, Time: 00:35:35

Health: -6/74      AC: 11    Str: 10    XL:     11   Next: 51%
Magic:  9/23       EV: 12    Int: 19    God:    Vehumet [****..]
Gold:   184        SH:  0    Dex: 13    Spells: 5/26 levels left

rFire   + . .      SeeInvis .   K - staff of earth
rCold   . . .      Faith    .   (no shield)
rNeg    . . .      Spirit   .   (body armour unavailable)
rPois   .          Reflect  .   (helmet restricted)
rElec   .          Harm     .   D - +0 cloak
rCorr   +          Rampage  .   A - +1 pair of gloves
Will    .....                   w - +0 pair of boots
Stlth   ++........              (no amulet)
HPRegen 0.22/turn               l - ring of resist corrosion
MPRegen 0.18/turn               r - ring of wizardry

@: no status effects
A: breathe fire, AC +7, unfitting armour, fire resistance 1, cold-blooded
a: Breathe Fire, Renounce Religion


You were on level 1 of the Lair of Beasts.
You worshipped Vehumet.
Vehumet was greatly pleased with you.
You visited 3 branches of the dungeon, and saw 12 of its levels.
You also visited: Sewer, Ossuary and Bailey.

You collected 776 gold pieces.
You spent 592 gold pieces at shops.

Inventory:

Hand Weapons
 k - a +1 dagger of draining
Missiles
 m - 2 throwing nets
Armour
 w - a +0 pair of boots (worn)
 A - a +1 pair of gloves (worn)
 D - a +0 cloak (worn)
Magical Staves
 K - a staff of earth (weapon)
Jewellery
 l - a ring of resist corrosion (left hand)
 r - a ring of wizardry (right hand)
Wands
 x - a wand of light (6)
 y - a wand of flame (15)
 C - a wand of paralysis (20)
 L - a wand of digging (4)
Scrolls
 b - 2 scrolls of magic mapping
 c - 4 scrolls of teleportation
 d - a scroll of poison
 e - 2 scrolls of noise {unknown}
 f - a scroll of amnesia {unknown}
 i - 3 scrolls of vulnerability {unknown}
 p - 2 scrolls of enchant armour
 s - 2 scrolls of silence
 u - a scroll of fog {unknown}
 E - a scroll of enchant weapon
 F - a scroll of summoning {unknown}
 G - a scroll of brand weapon {unknown}
 I - a scroll of torment
Potions
 a - 6 potions of magic
 g - 2 potions of lignification
 h - a potion of ambrosia
 j - a potion of invisibility
 n - 4 potions of mutation
 o - 3 potions of cancellation
 q - 9 potions of curing
 t - 3 potions of resistance
 v - 3 potions of flight
 z - 3 potions of attraction
 B - 2 potions of brilliance


   Skills:
 - Level 1.7 Dodging
 - Level 1.7 Stealth
 - Level 8.0 Spellcasting
 - Level 10.0 Conjurations
 - Level 10.0 Fire Magic
 - Level 6.1 Ice Magic
 * Level 8.1 Earth Magic


You had 5 spell levels left.
You knew the following spells:

 Your Spells              Type           Power      Damage    Failure   Level
a - Freeze                Ice            100%       1d11      1%          1
b - Frozen Ramparts       Ice            60%        1d10      1%          3
c - Ozocubu's Armour      Ice            30%        N/A       1%          3
d - Stone Arrow           Conj/Erth      100%       3d13      1%          3
e - Conjure Flame         Conj/Fire      45%        6-21      1%          3
f - Inner Flame           Hex/Fire       26%        N/A       1%          3
g - Flame Wave            Conj/Fire      45%        2d12      1%          4
h - Foxfire               Conj/Fire      100%       2x1d9     1%          1

Your spell library contained the following spells:

 Spells                   Type           Power      Damage    Failure   Level
 Freezing Cloud           Conj/Ice/Air   14%        6-21      3%          5
 Hailstorm                Conj/Ice       38%        3d9       1%          4
 Iskenderun's Mystic Bla  Conj/Tloc      26%        2d7       1%          4
 Wereblood                Tmut           7%         N/A       6%          2
 Spider Form              Tmut/Pois      7%         N/A       11%         3
 Blade Hands              Tmut           3%         N/A       65%         5
 Iron Shot                Conj/Erth      29%        9d6       4%          6
 Chain Lightning          Conj/Air       13%        3d17      100%        9
 Fire Storm               Conj/Fire      22%        8d6       100%        9
 Shatter                  Erth           27%        3d23*     100%        9
 Animate Armour           Summ/Erth      Unusable   N/A       N/A         4

Dungeon Overview and Level Annotations

Branches:
Dungeon (10/15)            Temple (1/1) D:7            Lair (1/5) D:10
  Sewer (visited)         Ossuary (visited)          Bailey (visited)
    Orc: D:9-12

Altars:
Ashenzari
Cheibriados
Dithmenos
Elyvilon
Fedhas
Gozag
Hepliaklqana
Kikubaaqudgha
Makhleb
Nemelex Xobeh
Okawaru
Qazlal
Ru
Sif Muna
Trog
Uskayaw
Vehumet
Wu Jian
Xom
Yredelemnul
Zin
The Shining One

Shops:
D:1 :   D:3 !!*   D:4 (   D:5 [   D:9 [

Annotations:
D:10 2 transporters, miserystealer's ghost, novice DrIE


Innate Abilities, Weirdness & Mutations

You can breathe blasts of fire.
Your fiery red scales are hard. (AC +7)
You cannot fit into any form of body armour.
Your flesh is heat resistant. (rF+)
You are cold-blooded and may be slowed by cold attacks.


Message History

Confirm with . or Enter, or press ? or * to list all spells.
Casting: Flame Wave (safe; 1% risk of failure)
Press: ? - help, Dir - look around, f - activate A wave of flame ripples out!
The flame wave engulfs the catoblepas!
The catoblepas is moderately wounded.
The flame wave engulfs the komodo dragon!
The komodo dragon is almost dead. (Press Numpad 5 to intensify the flame waves.)
A nearby fungus withers and dies.
The catoblepas breathes a plume of calcifying dust at you.
The blast of calcifying dust hits you. The komodo dragon bites you.
Unknown command.
The catoblepas attacks as you move away!
The catoblepas misses you.
A death yak and an eight-headed hydra come into view.
The death yak bellows!
The death yak moves out of view.
Unknown command.
Casting: Flame Wave (safe; 1% risk of failure)
Confirm with . or Enter, or press ? or * to list all spells.
Casting: Flame Wave (safe; 1% risk of failure)
Press: ? - help, Dir - look around, f - activate A wave of flame ripples out!
The flame wave engulfs the catoblepas!
The catoblepas is heavily wounded. (Press Numpad 5 to intensify the flame waves.) Unknown command.
Unknown command.
A wave of flame ripples out!
The flame wave engulfs the komodo dragon.
You kill the komodo dragon!
Vehumet accepts your kill.
You feel your power returning.
The flame wave engulfs the catoblepas.
The catoblepas is heavily wounded.
The catoblepas gores you!!
* * * LOW HITPOINT WARNING * * *
Your Earth Magic skill increases to level 8!
Unknown command.
The catoblepas attacks as you move away!
The catoblepas gores you!!
You die...

##..÷>.......................
#.......÷........P##.##.#....
##..###.##.......###.#.##....
#.## #######.#........##....
#.#### ####.##....##....
#.##.$# ####..##....#.....
#.##=.Y####.###.##....##....
#.# #...#D...#...#.....#....
#.# .#Y.Y@.#..#.....##....
#.# #..§............##....
##.# #..§##..#...#..P###....
#..# #..###..#..##..###.....
##.# #.. #..#..............
#.# #.. ##.................
#.# #..##~..#..............
##.## #......................
#P..# #.......#..............


You could see a death yak, a catoblepas and an eight-headed hydra.

Vanquished Creatures
  A black mamba (Lair:1)
  2 cane toads (Lair:1)
  2 komodo dragons
  A kobold demonologist (D:10)
  A polar bear (Lair:1)
  Grinder (D:4)
  Sigmund (D:2)
  2 wyverns
  26 yaks
  3 water moccasins
  5 orc warriors
  2 ice beasts
  3 sky beasts (D:6)
  6 ogres
  2 centaurs
  5 wolves (Lair:1)
  2 phantoms
  An elf zombie (Ossuary)
  7 bullfrogs
  4 necrophages
  A scorpion (D:4)
  2 gnoll sergeants
  3 wights (D:9)
  14 killer bees
  9 howler monkeys
  A centaur zombie (Ossuary)
  3 hounds
  2 human zombies (Ossuary)
  2 orc priests
  4 iguanas (D:6)
  5 orc wizards
  2 mummies (Ossuary)
  15 gnolls
  4 adders
  A white imp (D:6)
  2 ufetubi
  An adder zombie (Ossuary)
  3 worms
  The ghost of Lemondrips the Sneak, a weakling TrDe (D:5)
  3 dart slugs
  43 orcs
  5 endoplasms
  2 giant cockroaches
  8 goblins
  3 hobgoblins
  14 jackals
  2 quokkas
  6 ball pythons
  4 bats
  6 frilled lizards
  A goblin zombie (Ossuary)
  10 hobgoblin zombies (Ossuary)
  A jackal zombie (Ossuary)
  9 kobolds
  13 kobold zombies (Ossuary)
  6 orc zombies (Ossuary)
  6 rats
  A rat zombie (Ossuary)
295 creatures vanquished.

Vanquished Creatures (others)
  559 foxfires
  3 fungi (Lair:1)
  10 plants
572 creatures vanquished.

Grand Total: 867 creatures vanquished

Notes
Turn   | Place    | Note
-------+----------+-------------------------------------------
     0 | D:1      | sasquatch the Draconian Ice Elementalist began the quest
                  | for the Orb.
     0 | D:1      | Reached XP level 1. HP: 14/14 MP: 3/3
   299 | D:1      | Reached XP level 2. HP: 19/20 MP: 3/5
   623 | D:1      | Found Sicseatu's Book Shop.
   926 | D:2      | Reached XP level 3. HP: 24/26 MP: 1/6
   930 | D:2      | Learned a level 3 spell: Frozen Ramparts
  1492 | D:2      | You fall into a shaft and drop 1 floor!
  1492 | D:3      | Found a faded altar of an unknown god.
  1728 | D:2      | Noticed Sigmund
  1878 | D:2      | Reached skill level 5 in Ice Magic
  1889 | D:2      | Reached XP level 4. HP: 11/33 MP: 0/8
  2210 | D:3      | Learned a level 3 spell: Ozocubu's Armour
  2387 | D:3      | Found Posej's Distillery.
  2672 | D:3      | Found Bulom's Distillery.
  2725 | D:3      | Noticed an ice beast
  2938 | D:3      | Found Zuuhy's General Store.
  3159 | D:4      | Noticed Grinder
  3161 | D:4      | Paralysed by Grinder for 2 turns
  3167 | D:4      | Reached XP level 5. HP: 38/38 MP: 3/9
  3220 | D:4      | Found Zarhipul's Antique Weapon Shop.
  3549 | D:4      | Noticed an ogre
  3566 | D:4      | Killed an ogre
  3567 | D:4      | Reached XP level 6. HP: 24/45 MP: 0/11
  3764 | D:4      | Found a snail-covered altar of Cheibriados.
  3773 | D:4      | Found a glowing golden altar of the Shining One.
  4468 | D:5      | Entered Level 5 of the Dungeon
  4490 | D:5      | Your scales start taking on a fiery red colour.
  4490 | D:5      | Reached XP level 7. HP: 49/50 MP: 0/13
  4490 | D:5      | Gained mutation: Your flesh is heat resistant. (rF+) [Red
                  | Draconian growth]
  4492 | D:5      | Learned a level 1 spell: Foxfire
  4599 | D:5      | Found a transporter.
  4604 | D:5      | Noticed Lemondrips's ghost (weakling TrDe)
  4606 | D:5      | Found a transporter.
  4622 | D:5      | Reached skill level 1 in Fire Magic
  4799 | D:5      | Reached skill level 1 in Conjurations
  5045 | D:5      | Identified the +2 robe of the Wary Thickets {Contam Fly rN+
                  | Int+7}
  5315 | D:5      | Found Wyheret's Antique Armour Shop.
  5343 | D:5      | Identified the +1 robe of the Forsaken Invaders {Dex+2
                  | SInv}
  6294 | D:4      | Paralysed by Grinder for 3 turns
  6295 | D:4      | Killed Grinder
  6296 | D:4      | Reached skill level 5 in Spellcasting
  6296 | D:4      | Reached XP level 8. HP: 55/57 MP: 8/15
  6393 | D:4      | Found a basalt altar of Yredelemnul.
  6601 | D:3      | Reached skill level 5 in Fire Magic
  6722 | D:2      | Killed Sigmund
  6899 | D:6      | Found a glowing drain.
  6940 | Sewer    | Entered a sewer
  7867 | D:6      | Reached XP level 9. HP: 62/62 MP: 11/18
  8209 | D:6      | Reached skill level 5 in Conjurations
  8259 | D:6      | Got the Quarto of Mutated Elsewhere
  8289 | D:6      | Learned a level 3 spell: Conjure Flame
  8293 | D:6      | Learned a level 3 spell: Inner Flame
  8298 | D:6      | Learned a level 4 spell: Flame Wave
  8943 | D:3      | Bought a potion of heal wounds for 55 gold pieces
  8943 | D:3      | Bought a potion of curing for 33 gold pieces
  9181 | D:7      | Found a staircase to the Ecumenical Temple.
  9859 | Temple   | Entered the Ecumenical Temple
 10055 | Temple   | Became a worshipper of Vehumet
 10094 | D:8      | Found a flagged portal.
 10109 | Bailey   | Entered a bailey
 10457 | Bailey   | Noticed an orc knight
 10457 | Bailey   | Noticed an orc knight
 10557 | D:8      | Found a sand-covered staircase.
 10566 | Ossuary  | Entered an ossuary
 10828 | Ossuary  | Reached * piety under Vehumet
 10828 | Ossuary  | Offered knowledge of Shock by Vehumet.
 11123 | Ossuary  | Reached ** piety under Vehumet
 11245 | Ossuary  | Offered knowledge of Sandblast by Vehumet.
 11435 | D:8      | Reached XP level 10. HP: 39/69 MP: 2/19
 12112 | D:9      | Found a shimmering blue altar of Sif Muna.
 12632 | D:9      | Found Hophorchi's Antique Armour Emporium.
 12901 | D:9      | Found a hide-covered altar of Uskayaw.
 12901 | D:9      | Noticed a +0 falchion
 12901 | D:9      | Noticed a +0 dagger
 12902 | D:9      | Noticed a +0 spear
 12902 | D:9      | Noticed a +0 spear
 12902 | D:9      | Noticed a +0 falchion
 12903 | D:9      | Noticed a +0 short sword
 12904 | D:9      | Noticed a +0 dagger
 12904 | D:9      | Noticed a +0 short sword
 12922 | D:9      | Found a shimmering altar of Xom.
 13063 | D:9      | Offered knowledge of Stone Arrow by Vehumet.
 13305 | D:9      | Reached skill level 10 in Fire Magic
 13573 | D:5      | Killed Lemondrips's ghost
 13714 | D:1      | Bought a book of Iron for 504 gold pieces
 13718 | D:1      | Learned a level 3 spell: Stone Arrow
 13845 | D:10     | Entered Level 10 of the Dungeon
 13853 | D:10     | Reached *** piety under Vehumet
 13856 | D:10     | Reached skill level 1 in Earth Magic
 13857 | D:10     | Reached skill level 10 in Conjurations
 13864 | D:10     | Offered knowledge of Ignite Poison by Vehumet.
 13865 | D:10     | Reached XP level 11. HP: 40/74 MP: 2/22
 14140 | D:10     | Found an iron altar of Okawaru.
 14191 | D:10     | Found a staircase to the Lair.
 14202 | D:10     | Noticed a two-headed ogre
 14237 | D:10     | Found a transporter.
 14380 | D:10     | Reached skill level 5 in Earth Magic
 14533 | D:10     | Found a transporter.
 14541 | D:10     | Noticed miserystealer's ghost (novice DrIE)
 14977 | Lair:1   | Entered Level 1 of the Lair of Beasts
 14982 | Lair:1   | Reached **** piety under Vehumet
 15484 | Lair:1   | Offered knowledge of Freezing Cloud by Vehumet.
 15822 | Lair:1   | Noticed a catoblepas
 15833 | Lair:1   | Noticed a death yak
 15833 | Lair:1   | Noticed an eight-headed hydra
 15837 | Lair:1   | Mangled by a catoblepas

Illustrated notes

Levels and vault maps discovered:
D:1:      eino_arrival_druids_welcome, layout_loops_ring, serial_shops,
          nicolae_shop_statue_plus
D:2:      layout_rooms, hex_tiny, uniq_sigmund
D:3:      layout_loops_ring, basic_ecumenical_altar, serial_shops, shop_statue,
          nicolae_shop_hallway_plus, shop_statue
D:4:      layout_loops_ring, nicolae_overflow_hidden_temple,
          jmf_multi_god_temple, serial_rivers, chequers_serial_rivers_marsh,
          chequers_serial_rivers_large_a, chequers_serial_rivers_micro_c,
          chequers_serial_rivers_micro_c, serial_shops, nicolae_shop_crystal,
          serial_bayou_pond_c, uniq_grinder
D:5:      layout_layer_cave, serial_shops, kennysheep_mini_moat,
          gammafunk_ghost_arena
D:6:      minmay_clustersquares, layout_basic, cheibrodos_sewer_entry_drain
D:7:      layout_cave_pools, temple_statues
D:8:      layout_rooms, enter_bailey_5, lightli_ossuary_entry_decrepit_ruins,
          minmay_misc_feat_doors
D:9:      layout_basic, nicolae_uskayaw_en_pointe,
          mainiacjoe_overflow_surrounded_room, overflow_temple_1_default,
          serial_shops, nicolae_shop_advertising_works
          [nicolae_subvault_shop_adworks], roderic_roman_lattice
D:10:     layout_cave_pods, mainiacjoe_overflow_six_doors_small,
          lair_entry_dummy, nzn_ghost_randoct, eino_jars
Temple:   bh_familiar_temple
Lair:1:   layout_regular_city, hangedman_lair_generics_rect

Skill      XL: |  1  2  3  4  5  6  7  8  9 10 11 |
---------------+----------------------------------+-----
Ice Magic      | 5 6 6 |  6.1
Spellcasting   | 3 4 5 6 7 8 |  8.0
Fire Magic     | 4 7 8 10 | 10.0
Conjurations   | 2 4 8 10 | 10.0
Earth Magic    | 4 8 |  8.1
Dodging        | |  1.7
Stealth        | |  1.7

Action                   |  1- 3 |  4- 6 |  7- 9 | 10-12 || total
-------------------------+-------+-------+-------+-------++-------
Melee: Tailslap          |     6 |     3 |     3 |       ||    12
       Unarmed           |     1 |       |       |       ||     1
       Short sword       |     4 |       |       |       ||     4
       Dagger            |     8 |    41 |    14 |     1 ||    64
       Punch             |       |     2 |       |       ||     2
       Staff             |       |       |       |     2 ||     2
 Cast: Freeze            |    55 |    42 |     1 |       ||    98
       Frozen Ramparts   |     5 |    21 |    32 |    19 ||    77
       Ozocubu's Armour  |       |     4 |     3 |       ||     7
       Foxfire           |       |       |   301 |    32 ||   333
       Flame Wave        |       |       |    15 |    37 ||    52
       Conjure Flame     |       |       |     1 |       ||     1
       Stone Arrow       |       |       |       |    19 ||    19
  Use: Scroll            |       |       |    12 |     8 ||    20
       Potion            |       |       |     2 |     1 ||     3
 Stab: Sleeping          |       |     1 |       |       ||     1
       Petrified         |       |       |       |     2 ||     2
Armor: Skin              |    11 |    31 |    44 |    32 ||   118
Dodge: Dodged            |    23 |    46 |    75 |    61 ||   205
